 Dungeon Crawl Stone Soup version 0.30-a0-618-gd6c86c23d0 (webtiles) character file.

Game seed: 17978602668646805239

72 Leeroy the Insei (level 4, -2/32 HPs)
             Began as a Demonspawn Transmuter on Jan 9, 2023.
             Splashed by a jelly's acid (5 damage)
             ... on level 3 of the Dungeon.
             The game lasted 00:02:41 (1978 turns).

Leeroy the Insei (Demonspawn Transmuter)            Turns: 1978, Time: 00:02:41

Health: -2/32      AC: -2    Str: 13    XL:     4   Next: 7%
Magic:  6/7        EV: 12    Int: 14    God:
Gold:   109        SH:  0    Dex: 13    Spells: 1/7 levels left

rFire   . . .      SeeInvis .      - Unarmed
rCold   . . .      Faith    .    (no shield)
rNeg    . . .      Spirit   .    a - +0 robe
rPois   .          Reflect  .    (helmet currently unavailable)
rElec   .          Harm     .    (no cloak)
rCorr   .          Rampage  .    (no gloves)
Will    .....                    (boots currently unavailable)
Stlth   +                        (no amulet)
HPRegen 0.25/turn                (no ring)
MPRegen 0.10/turn                (no ring)

@: appendages (expiring), corroded
A: talons 2, horns 1
a: End Transformation


You were on level 3 of the Dungeon.
You had temporarily grown beastly talons.
You visited 1 branch of the dungeon, and saw 3 of its levels.

You collected 109 gold pieces.

Inventory:

Armour
 a - a +0 robe (worn)
Jewellery
 e - a ring of resist corrosion
 m - a ring of fire
Scrolls
 c - 4 scrolls of identify {unknown}
 f - a scroll of amnesia {unknown}
 h - a scroll of fog {unknown}
 i - a scroll of immolation {unknown}
 j - 2 scrolls of teleportation {unknown}
 n - a scroll of summoning {unknown}
Potions
 b - a potion of lignification
 d - a potion of invisibility {unknown}
 g - 3 potions of degeneration {unknown}
 k - a potion of might {unknown}
 l - a potion of curing {unknown}


   Skills:
 - Level 1.0 Fighting
 - Level 1.7 Dodging
 + Level 4.5 Unarmed Combat
 - Level 2.0 Spellcasting
 - Level 1.7 Transmutations


You had one spell level left.
You knew the following spells:

 Your Spells              Type           Power      Damage    Failure   Level
a - Beastly Appendage     Tmut           12%        N/A       12%         1
b - Wereblood             Tmut           6%         N/A       17%         2
c - Spider Form           Tmut/Pois      3%         N/A       45%         3

Your spell library contained the following spells:

 Spells                   Type           Power      Damage    Failure   Level
 Freeze                   Ice            4%         1d3       24%         1
 Frozen Ramparts          Ice            2%         1d1       56%         3
 Hailstorm                Conj/Ice       1%         3d3       56%         3
 Ice Form                 Ice/Tmut       3%         N/A       86%         4


Dungeon Overview and Level Annotations

Branches:
Dungeon (3/15)

Altars:


Innate Abilities, Weirdness & Mutations

You have temporarily grown beastly talons.
You have a pair of small horns on your head.


Message History

You barely miss the orc. Your headbutt misses the orc.
The orc closely misses you.
You hit the orc.
The orc is heavily wounded.
The orc hits you but does no damage.
You hit the orc.
The orc is almost dead.
The orc closely misses you.
You hit the orc.
You kill the orc!
No target in view!
No target in view!
No target in view!
No target in view!
A goblin comes into view. It is wielding a +0 dagger.
The goblin shouts!
A goblin is nearby!
A goblin is nearby!
A jelly comes into view.
The jelly quivers.
The goblin hits you with a +0 dagger.
You closely miss the goblin. Your headbutt misses the goblin.
The goblin barely misses you.
You closely miss the goblin. The goblin closely misses you.
You barely miss the goblin. The goblin misses you.
Your feet morph into talons.
Your transformation is almost over.
The goblin hits you but does no damage.
You hit the goblin.
You kill the goblin!
You hit the jelly.
Your hands burn!
You claw the jelly. You headbutt the jelly.
The jelly is heavily wounded.
The jelly hits you. The acid corrodes you!
You are splashed with acid.
You hit the jelly but do no damage.
Your hands burn!
You claw the jelly. You headbutt the jelly.
The jelly is almost dead.
The jelly hits you.
You are splashed with acid!
* * * LOW HITPOINT WARNING * * *
You hit the jelly but do no damage.
Your hands burn!
You die...

........)..+
####......##
#....#.#
####...#
##.## #.#
#.#
####.#######
#...@.......
#.##J##.###.
# #.# # #.#
#.# #.. #..
###


You could see a jelly.

Vanquished Creatures
  An adder (D:3)
  2 dart slugs (D:2)
  An orc (D:3)
  5 bats
  3 endoplasms
  3 giant cockroaches
  4 goblins
  7 hobgoblins
  4 quokkas (D:1)
  5 ball pythons
  A frilled lizard (D:2)
  6 kobolds
  14 rats
56 creatures vanquished.

Vanquished Creatures (others)
  2 plants (D:1)
2 creatures vanquished.

Grand Total: 58 creatures vanquished

Notes
Turn   | Place    | Note
-------+----------+-------------------------------------------
     0 | D:1      | Leeroy the Demonspawn Transmuter began the quest for the
                  | Orb.
     0 | D:1      | Reached XP level 1. HP: 15/15 MP: 3/3
    60 | D:1      | Reached skill level 3 in Unarmed Combat
   121 | D:1      | Mutation became permanent: You have a pair of small horns
                  | on your head. [demonic ancestry]
   121 | D:1      | Gained mutation: You have a pair of horns on your head.
                  | [demonic ancestry]
   121 | D:1      | Reached XP level 2. HP: 10/21 MP: 3/5
   592 | D:1      | Reached XP level 3. HP: 21/26 MP: 6/6
   810 | D:1      | Reached skill level 4 in Unarmed Combat
  1602 | D:2      | Learned a level 2 spell: Wereblood
  1606 | D:2      | Learned a level 3 spell: Spider Form
  1871 | D:3      | Reached XP level 4. HP: 27/32 MP: 7/7
  1978 | D:3      | Splashed by a jelly's acid

Illustrated notes

Levels and vault maps discovered:
D:1:      zaba_arrival_water, layout_loops_cross, ebering_dispersal_statue_hall,
          st_stairs_7, hangedman_decor_riveting, minmay_shallow_snake_nest
D:2:      layout_loops_ring
D:3:      layout_loops_corners, mainiacjoe_overflow_catwalk_spiral,
          small_statue_intersection

Skill      XL: |  1  2  3 |
---------------+----------+-----
Unarmed Combat | 3 4 |  4.5
Fighting       | |  1.0
Dodging        | |  1.7
Spellcasting   | |  2.0
Transmutations | |  1.7

Action                   |  1- 3 |  4- 6 || total
-------------------------+-------+-------++-------
Melee: Unarmed           |   151 |    14 ||   165
       Kick              |     5 |     2 ||     7
       Headbutt          |    13 |     3 ||    16
 Cast: Beastly Appendage |     4 |     1 ||     5
 Stab: Sleeping          |     6 |       ||     6
Armor: Robe              |    29 |     2 ||    31
Dodge: Dodged            |    92 |     7 ||    99

Table legend: (Time is in decaauts)
 A = Elapsed time spent in this place.
 B = Non-inter-level travel time spent in this place.
 C = Inter-level travel time spent in this place.
 D = Time resting spent in this place.
 E = Time spent auto-exploring this place.
 F = Levels seen in this place.
 G = Mean time per level.
                   A        B        C        D        E       F      G
               +--------+--------+--------+--------+--------+-----+--------+
         Total |   1973 |   1887 |     86 |      0 |   1536 |   3 |  657.7 |
       Dungeon |   1973 |   1887 |     86 |      0 |   1536 |   3 |  657.7 |
               +--------+--------+--------+--------+--------+-----+--------+

Top non-repeatable levels by time:
     D:1: 1017 daAuts
     D:2: 840 daAuts
     D:3: 115 daAuts
